 Dungeon Crawl Stone Soup version 0.31-a0-569-g7ea453304b (webtiles) character file.

Game seed: 15917522069000916190

73751 slizer6 the Warrior (level 15, -20/149 HPs)
             Began as a Minotaur Berserker on Aug 17, 2023.
             Was a High Priest of Trog.
             Demolished by an azure jelly (31 damage)
             ... on level 5 of the Lair of Beasts on Aug 18, 2023.
             The game lasted 00:55:41 (19313 turns).

slizer6 the Warrior (Minotaur Berserker)           Turns: 19313, Time: 00:55:41

Health: -20/149    AC: 32    Str: 28    XL:     15   Next: 4%
Magic:  14/14      EV: 18    Int:  4    God:    Trog [*****.]
Gold:   1007       SH:  0    Dex: 11    Spells: 14/14 levels left

rFire   . . .        B - +6 executioner's axe (flame)
rCold   . . .        (shield currently unavailable)
rNeg    + . .        h - +3 plate armour
rPois   .            u - +2 hat
rElec   .            b - scarf {+Inv}
rCorr   .            E - +1 pair of gloves of the Rotten God {rN+}
SInv    .            y - +2 pair of boots
Will    +....        v - amulet of faith Stlth
                     D - +4 ring of protection
HPRegen 0.44/turn    L - +5 ring of evasion
MPRegen 0.14/turn

%: faith
@: confused, studying Fighting
A: horns 2, retaliatory headbutt
a: Renounce Religion, Evoke Invisibility, Berserk, Trog's Hand, Brothers in Arms


You were on level 5 of the Lair of Beasts.
You worshipped Trog.
Trog was extremely pleased with you.
You visited 3 branches of the dungeon, and saw 18 of its levels.

You collected 1095 gold pieces.
You spent 88 gold pieces at shops.

Inventory:

Hand Weapons
 a - a +3 executioner's axe of flaming
 c - the +6 broad axe of Voapo {flame, Str+3}
   (Trog gifted it to you on level 4 of the Lair of Beasts)

   Str+3:     It affects your strength (+3).
 g - a +3 heavy executioner's axe
 B - a +6 executioner's axe of flaming (weapon)
 U - a +0 orcbow
Missiles
 q - 23 poisoned darts
 M - a curare-tipped dart
 X - 4 throwing nets
Armour
 b - a scarf of invisibility (worn)
 h - a +3 plate armour (worn)
 u - a +2 hat (worn)
 y - a +2 pair of boots (worn)
 E - the +1 pair of gloves of the Rotten God (worn) {rN+}
   (You found it on level 5 of the Dungeon)

   rN+:       It protects you from negative energy.
 N - a +0 troll leather armour
Jewellery
 e - a ring of ice
 i - a +6 ring of dexterity
 t - a ring of fire
 v - an amulet of faith (around neck)
 A - a ring of positive energy
 C - a ring of see invisible
 D - a +4 ring of protection (left hand)
 I - a ring of protection from cold
 L - a +5 ring of evasion (right hand)
Wands
 s - a wand of polymorph (16)
 O - a wand of mindburst (9)
 S - a wand of paralysis (17)
Scrolls
 d - 6 scrolls of fog
 j - 7 scrolls of blinking
 l - 3 scrolls of immolation
 r - 6 scrolls of teleportation
 x - a scroll of poison
 z - 2 scrolls of vulnerability
 K - a scroll of fear
 P - a scroll of summoning {unknown}
Potions
 f - a potion of enlightenment {unknown}
 k - 7 potions of heal wounds
 m - 3 potions of invisibility
 o - 3 potions of berserk rage
 p - 6 potions of mutation
 w - 5 potions of curing
 F - a potion of cancellation {unknown}
 G - 2 potions of haste
 H - 2 potions of attraction
 J - 2 potions of magic {unknown}
 V - a potion of brilliance {unknown}
 Z - a potion of resistance {unknown}


   Skills:
 + Level 17.9 Fighting
 + Level 16.5 Axes
 + Level 16.2 Armour
 + Level 15.0 Dodging


You had 14 spell levels left.
You didn't know any spells.
Your spell library was empty.

Dungeon Overview and Level Annotations

Branches:
Dungeon (12/15)            Temple (0/1) D:4            Lair (5/5) D:11
  Swamp (0/4) Lair:3        Snake (0/4) Lair:3        Slime (1/5) Lair:5
    Orc (0/2) D:10

Altars:
Dithmenos
Hepliaklqana
Okawaru
Uskayaw
The Shining One

Shops:
D:2 (   D:8 ?

Portals:
Trove: D:11 (give horn of Geryon)


Innate Abilities, Weirdness & Mutations

You have a pair of horns on your head.
You reflexively headbutt those who attack you in melee.


Message History

The azure jelly closely misses you.
The azure jelly hits you but does no damage.
The azure jelly barely misses you.
The azure jelly hits you but does no damage.
The azure jelly hits you. The azure jelly freezes you!
* * * LOW HITPOINT WARNING * * *
The azure jelly hits you but does no damage. x2
The large slime creature hits you but does no damage.
The azure jelly puts on a burst of speed as it pursues you!
The azure jelly hits you but does no damage. x2
The azure jelly closely misses you.
The azure jelly hits you but does no damage. x2
The azure jelly completely misses you. The azure jelly misses you.
The azure jelly hits you but does no damage.
The azure jelly hits you.
* * * LOW HITPOINT WARNING * * *
The azure jelly freezes you!!
* * * LOW HITPOINT WARNING * * *
The azure jelly hits you but does no damage.
The azure jelly misses you.
The azure jelly hits you but does no damage.
You feel much better.
A large slime creature splits.
The azure jelly barely misses you.
The azure jelly hits you but does no damage.
The azure jelly hits you.
* * * LOW HITPOINT WARNING * * *
The azure jelly hits you but does no damage.
The azure jelly barely misses you. The azure jelly misses you.
The azure jelly hits you but does no damage.
The azure jelly completely misses you.
You feel much better.
The slime creature hits you but does no damage.
The azure jelly barely misses you. The azure jelly hits you.
The azure jelly freezes you!!!
* * * LOW HITPOINT WARNING * * *
The azure jelly hits you but does no damage.
The azure jelly misses you. The azure jelly hits you.
* * * LOW HITPOINT WARNING * * *
The azure jelly freezes you!!
You die...

#..................
##.♣♣...P..........
#..♣.P........P.♣..
#..............♣...
#......#♣....♣.....
###....#...........
###..#.#.#........
#....##.#.........
##@J.####.#........
#JJJ.## ##.........
#..>..###..........
##......###.........
#.........#.........
##......#...........
#........).........
#####.#..###.......
#.########......


You could see 2 azure jellies and 2 slime creatures.

Vanquished Creatures
  Gastronok (Lair:2)
  Fannar (Lair:3)
  Harold (D:9)
  5 catoblepae
  4 hydras
  A boulder beetle (D:10)
  8 death yaks (Lair:5)
  A centaur warrior (D:10)
  3 two-headed ogres
  A skyshark (Lair:4)
  3 manticores
  An ugly thing (D:10)
  A cyclops (D:11)
  A salamander (Lair:3)
  16 elephants
  5 black mambas
  4 gargoyles (D:9)
  19 cane toads
  10 komodo dragons
  3 rime drakes
  7 trolls
  Prince Ribbit (Lair:3)
  7 polar bears
  14 blink frogs
  22 dream sheep
  2 hornets
  3 shadows
  3 slime creatures (Slime:1)
  2 spriggans
  5 wyverns
  10 basilisks
  A wraith (D:10)
  79 yaks
  A basilisk (shapeshifter) (D:12)
  3 golden eyes
  Grum (D:9)
  4 vampire mosquitoes (D:11)
  13 water moccasins
  6 black bears
  An ice beast (D:6)
  A sky beast (D:7)
  2 orc warriors
  An ogre (D:5)
  A centaur (D:10)
  20 wolves
  3 phantoms
  2 kobold brigands
  8 bullfrogs
  A gnoll sergeant (D:9)
  15 scorpions
  23 wights
  5 killer bees
  An electric eel (Lair:1)
  3 lava snakes (Lair:3)
  3 hounds
  An orc priest (D:8)
  3 gnoll boudas
  3 jellies
  5 iguanas
  A sleepcap (D:5)
  7 orc wizards
  9 adders
  19 gnolls
  4 shadow imps
  A white imp (D:6)
  6 worms
  3 dart slugs
  35 orcs
  11 bats
  7 endoplasms
  5 giant cockroaches
  9 goblins
  11 hobgoblins
  4 quokkas
  9 ball pythons
  2 frilled lizards (D:2)
  19 kobolds
  8 rats
  A butterfly (D:10)
546 creatures vanquished.

Vanquished Creatures (collateral kills)
  2 hydras (Lair:2)
  A catoblepas (Lair:5)
  2 death yaks (Lair:5)
  2 black mambas (Lair:2)
  A cane toad (Lair:2)
  2 komodo dragons (Lair:5)
  2 basilisks (Lair:2)
12 creatures vanquished.

Grand Total: 558 creatures vanquished

Notes
Turn   | Place    | Note
-------+----------+-------------------------------------------
     0 | D:1      | slizer6 the Minotaur Berserker began the quest for the Orb.
     0 | D:1      | Reached XP level 1. HP: 19/19 MP: 0/0
   228 | D:1      | Reached XP level 2. HP: 27/27 MP: 1/1
   419 | D:1      | Reached skill level 4 in Fighting
   466 | D:1      | Reached XP level 3. HP: 33/33 MP: 2/2
   482 | D:1      | Reached ** piety under Trog
   596 | D:1      | Found a faded altar of an unknown god.
   985 | D:2      | Found Pufeymia's Antique Weapon Emporium.
  1430 | D:2      | Reached XP level 4. HP: 35/40 MP: 3/3
  2207 | D:4      | Noticed a scorpion
  2211 | D:4      | Killed a scorpion
  2212 | D:4      | Reached XP level 5. HP: 47/47 MP: 4/4
  2250 | D:4      | Reached skill level 5 in Axes
  2475 | D:4      | Reached skill level 5 in Fighting
  2475 | D:4      | Reached XP level 6. HP: 49/56 MP: 5/5
  2512 | D:4      | Found a hazy altar of Hepliaklqana.
  2678 | D:4      | Reached *** piety under Trog
  2845 | D:4      | Found a staircase to the Ecumenical Temple.
  3261 | D:5      | Entered Level 5 of the Dungeon
  3375 | D:5      | Reached skill level 5 in Armour
  3375 | D:5      | Reached XP level 7. HP: 56/62 MP: 6/6
  3386 | D:5      | Reached skill level 6 in Fighting
  3624 | D:5      | Reached skill level 5 in Dodging
  4003 | D:5      | Reached XP level 8. HP: 64/71 MP: 7/7
  4443 | D:5      | Identified the +1 pair of gloves of the Rotten God {rN+}
  5265 | D:6      | Reached skill level 7 in Fighting
  6149 | D:6      | Reached **** piety under Trog
  6156 | D:6      | Reached XP level 9. HP: 80/81 MP: 8/8
  6162 | D:6      | Reached skill level 8 in Fighting
  7127 | D:7      | Found a glowing golden altar of the Shining One.
  7574 | D:8      | Reached skill level 9 in Fighting
  7576 | D:8      | Reached ***** piety under Trog
  7854 | D:8      | Found Wompifur's Magic Scroll Boutique.
  7858 | D:8      | Bought a scroll of identify for 22 gold pieces
  7858 | D:8      | Bought a scroll of identify for 22 gold pieces
  7858 | D:8      | Bought a scroll of identify for 22 gold pieces
  7858 | D:8      | Bought a scroll of identify for 22 gold pieces
  8021 | D:9      | Noticed Grum
  8026 | D:9      | Reached XP level 10. HP: 66/91 MP: 9/9
  8037 | D:9      | Noticed a two-headed ogre
  8042 | D:9      | Killed Grum
  8047 | D:9      | Killed a two-headed ogre
  8048 | D:9      | Reached skill level 10 in Axes
  8162 | D:9      | Reached skill level 10 in Fighting
  8385 | D:9      | You fall into a shaft and drop 3 floors!
  8416 | D:12     | Reached skill level 10 in Armour
  8618 | D:10     | Entered Level 10 of the Dungeon
  8691 | D:9      | Found a hide-covered altar of Uskayaw.
  8691 | D:9      | Found a shadowy altar of Dithmenos.
  8694 | D:9      | Found an iron altar of Okawaru.
  8699 | D:9      | Noticed Harold
  8841 | D:10     | Noticed a boulder beetle
  8856 | D:10     | Killed a boulder beetle
  9008 | D:10     | Found a staircase to the Orcish Mines.
  9025 | D:10     | Noticed a two-headed ogre
  9037 | D:10     | Killed a two-headed ogre
  9038 | D:10     | Reached XP level 11. HP: 74/101 MP: 10/10
  9195 | D:10     | Reached skill level 11 in Fighting
  9200 | D:10     | Noticed a centaur warrior
  9207 | D:10     | Reached skill level 10 in Dodging
  9209 | D:10     | Killed a centaur warrior
 10025 | D:9      | Killed Harold
 10026 | D:9      | Reached skill level 12 in Fighting
 10590 | D:9      | Reached XP level 12. HP: 112/112 MP: 11/11
 10826 | D:10     | Found a runed translucent door.
 10862 | D:10     | Found a runed translucent door.
 11214 | D:11     | Found a staircase to the Lair.
 11261 | D:11     | Noticed a two-headed ogre
 11277 | D:10     | Killed a two-headed ogre
 11689 | D:11     | Found a portal to a secret trove of treasure.
 11740 | D:11     | Identified the +8 whip "Yrhingyl" {pain, rF++ Will-}
 12295 | D:11     | Found a faded altar of an unknown god.
 12295 | D:11     | Found a faded altar of an unknown god.
 12297 | D:11     | Found a hazy altar of Hepliaklqana.
 12387 | D:11     | Received a gift from Trog
 12388 | D:11     | Reached skill level 13 in Fighting
 12893 | Lair:1   | Entered Level 1 of the Lair of Beasts
 14100 | Lair:2   | Noticed Gastronok
 14116 | Lair:2   | Killed Gastronok
 14117 | Lair:2   | Reached XP level 13. HP: 115/123 MP: 12/12
 14287 | Lair:2   | Reached skill level 14 in Fighting
 14314 | Lair:2   | Received a gift from Trog
 15009 | Lair:3   | Found a staircase to the Snake Pit.
 15234 | Lair:3   | Found a staircase to the Swamp.
 15303 | Lair:3   | Noticed Prince Ribbit
 15310 | Lair:3   | Killed Prince Ribbit
 15447 | Lair:3   | Noticed Fannar
 15470 | Lair:3   | Killed Fannar
 15580 | Lair:3   | Identified a scroll of acquirement
 15580 | Lair:3   | Acquired a manual of Fighting
 16075 | Lair:4   | Reached skill level 15 in Fighting
 16080 | Lair:4   | Reached skill level 15 in Axes
 16080 | Lair:4   | Reached ****** piety under Trog
 16148 | Lair:4   | Identified the +6 broad axe of Voapo {flame, Str+3} (Trog
                  | gifted it to you on level 4 of the Lair of Beasts)
 16148 | Lair:4   | Received a gift from Trog
 16153 | Lair:4   | Reached XP level 14. HP: 128/135 MP: 13/13
 16347 | Lair:4   | Reached skill level 15 in Armour
 16879 | Lair:5   | Entered Level 5 of the Lair of Beasts
 16895 | Lair:5   | Reached skill level 16 in Fighting
 17425 | Lair:5   | Found a staircase to the Slime Pits.
 17542 | Lair:5   | Received a gift from Trog
 17547 | Lair:5   | Reached skill level 17 in Fighting
 18779 | Lair:5   | Reached XP level 15. HP: 149/149 MP: 14/14
 18903 | Lair:5   | Reached skill level 15 in Dodging
 19078 | Lair:5   | Upgraded the game from 0.31-a0-559-g03b8d61ab2 to
                  | 0.31-a0-569-g7ea453304b
 19283 | Slime:1  | Entered Level 1 of the Pits of Slime
 19292 | Slime:1  | Noticed an azure jelly
 19293 | Slime:1  | Noticed an azure jelly
 19296 | Slime:1  | Noticed an acid blob
 19313 | Lair:5   | Demolished by an azure jelly

Illustrated notes

Levels and vault maps discovered:
D:1:      dpeg_arrival_round_b, layout_loops_ring,
          shapermc_ecumenical_altar_venn
D:2:      layout_loops_cross, serial_shops, nicolae_shop_behind_doors,
          minmay_splitting_lines, minmay_circle_x
D:3:      layout_basic
D:4:      layout_basic, mainiacjoe_overflow_tiny_flanked,
          minmay_temple_entry_junction, cheibrodos_sewer_entry_bend,
          minmay_misc_feat_alley, st_stairs_10, skrybe_limestone_x
D:5:      layout_basic, minivault_4, nrook_mini_backslash,
          minmay_misc_feat_four_crosses, serial_bayou_pond_d,
          kennysheep_opposing_triangles
D:6:      layout_loops_ring, chequers_serial_rivers_micro_c
D:7:      layout_rooms, mainiacjoe_overflow_alcove_2, serial_glass,
          glass_columns_b, glass_columns_b
D:8:      layout_cave_pools, serial_shops, nicolae_shop_rolled_up
D:9:      cheibrodos_statue_roulette, layout_cave_pools,
          nicolae_overflow_hidden_temple, uniq_harold, uniq_grum
D:10:     lemuel_insect_pit, layout_loops_ring, kennysheep_generic_room_5
D:11:     layout_basic, david_lair_generic, nicolae_trove_entry_diagonal,
          nicolae_hepliaklqana_ecumenical_no_more
D:12:     layout_rooms
Lair:1:   layout_layer_cave, small_statue_intersection, minivault_25,
          minivault_27, serial_bayou_lagoon_b
Lair:2:   nzn_winding_woodlands_small [nzn_winding_woodlands_5x15_split_checker,
          nzn_winding_woodlands_center_garden,
          nzn_winding_woodlands_5x15_jagged], layout_concentric_octagons,
          chequers_serial_rivers_room_a, grunt_forest_stairs_clearing,
          uniq_gastronok
Lair:3:   layout_hall_layers, swamp_mist, nicolae_snake_entry_warm_welcome,
          serial_bayou_pond_a, lemuel_fruit_tree, uniq_fannar,
          uniq_prince_ribbit2
Lair:4:   layout_gridlike
Lair:5:   evilmike_catoblepas_cave, layout_misc_corridors, slime_entry_1,
          grunt_forest_large_clearing_hut
Slime:1:  layout_caves, basic_altar

Skill      XL: |  1  2  3  4  5  6  7  8  9 10 11 12 13 14 15 |
---------------+----------------------------------------------+-----
Axes           | 4 5 6 7 9 10 12 13 15 16 | 16.5
Fighting       | 4 5 6 7 9 10 12 13 15 17 | 17.9
Armour         | 3 4 5 6 7 9 10 12 13 14 16 | 16.2
Dodging        | 3 4 5 6 8 9 11 12 13 14 15 | 15.0

Action                     |  1- 3 |  4- 6 |  7- 9 | 10-12 | 13-15 || total
---------------------------+-------+-------+-------+-------+-------++-------
  Melee: Hand axe          |   110 |   143 |   247 |       |       ||   500
         Headbutt          |    14 |    32 |    65 |    72 |    93 ||   276
         Punch             |     1 |     1 |     4 |       |       ||     6
         Battleaxe         |       |       |    62 |   243 |       ||   305
         Executioner's axe |       |       |       |    73 |   400 ||   473
         Broad axe         |       |       |       |       |     5 ||     5
 Invoke: Berserk           |       |     1 |     1 |     7 |       ||     9
         Trog's Hand       |       |       |     2 |    10 |     6 ||    18
         Brothers in Arms  |       |       |       |       |     2 ||     2
    Use: Scroll            |       |       |     9 |     7 |     7 ||    23
         Potion            |       |       |       |     3 |     7 ||    10
   Stab: Petrified         |       |       |       |       |     4 ||     4
 Armour: Animal skin       |     4 |       |       |       |       ||     4
         Ring mail         |    28 |    38 |   171 |    77 |       ||   314
         Plate armour      |       |       |       |   121 |   450 ||   571
  Dodge: Dodged            |    76 |    79 |   266 |   397 |   477 ||  1295

Table legend: (Time is in decaauts)
 A = Elapsed time spent in this place.
 B = Non-inter-level travel time spent in this place.
 C = Inter-level travel time spent in this place.
 D = Time resting spent in this place.
 E = Time spent auto-exploring this place.
 F = Levels seen in this place.
 G = Mean time per level.
                   A        B        C        D        E       F      G
               +--------+--------+--------+--------+--------+-----+--------+
         Total |  19623 |  19085 |    538 |   5146 |  10058 |  18 | 1090.2 |
       Dungeon |  13042 |  12718 |    324 |   3868 |   6512 |  12 | 1086.8 |
          Lair |   6561 |   6347 |    214 |   1278 |   3546 |   5 | 1312.2 |
    Slime Pits |     20 |     20 |      0 |      0 |      0 |   1 |   20.0 |
               +--------+--------+--------+--------+--------+-----+--------+

Top non-repeatable levels by time:
  Lair:5: 2439 daAuts
    D:10: 2296 daAuts
     D:5: 1994 daAuts
    D:11: 1405 daAuts
  Lair:1: 1266 daAuts
     D:6: 1191 daAuts
     D:9: 1177 daAuts
  Lair:3: 1098 daAuts
     D:4: 1086 daAuts
  Lair:2: 881 daAuts
  Lair:4: 876 daAuts
     D:2: 862 daAuts
     D:1: 835 daAuts
     D:7: 789 daAuts
     D:8: 745 daAuts
